 Dungeon Crawl Stone Soup version 0.19.5 (webtiles) character file.

32 Gargoyl the Skirmisher (level 3, -2/33 HPs)
             Began as a Ghoul Abyssal Knight on May 4, 2017.
             Was a Follower of Lugonu.
             Slain by a gnoll
             ... wielding a +0 flail
              (7 damage)
             ... on level 2 of the Dungeon.
             The game lasted 00:02:33 (1019 turns).

Gargoyl the Skirmisher (Ghoul Abyssal Knight)       Turns: 1019, Time: 00:02:33

Health: -2/33      AC:  8    Str: 15    XL:     3   Next: 25%
Magic:  3/3        EV:  6    Int:  7    God:    Lugonu [*.....]
Gold:   83         SH:  0    Dex:  9    Spells: 0 memorised, 2 levels left

rFire  . . .     SeeInvis .     a - +1 hand axe
rCold  + . .     Gourm    .     g - +0 chain mail
rNeg   + + +     Faith    .     (no shield)
rPois  ∞         Spirit   .     (no helmet)
rElec  .         Reflect  .     (no cloak)
rCorr  .         Harm     .     (no gloves)
MR     .....                    (no boots)
Stlth  ..........               (no amulet)
                                (no ring)
                                (no ring)

@: rotting
A: rotting body, claws 1, carnivore 3, cold resistance 1, negative energy
resistance 3, slow regeneration 1, torment resistance, unbreathing
a: Depart the Abyss, Renounce Religion


You were on level 2 of the Dungeon.
You worshipped Lugonu.
Lugonu was aware of your devotion.
You were not hungry.

You visited 1 branch of the dungeon, and saw 2 of its levels.
You visited the Abyss 1 time.

You collected 83 gold pieces.

Inventory:

Hand Weapons
 a - a +1 hand axe (weapon)
Armour
 g - a +0 chain mail (worn)
Potions
 d - a potion of curing
 f - 2 potions of ambrosia {unknown}
 h - a potion of flight {unknown}
Comestibles
 c - 3 meat rations


   Skills:
 + Level 3.8 Fighting
 + Level 2.1 Axes
 * Level 2.2 Armour
 + Level 1.1 Dodging
 * Level 2.2 Invocations


You had 2 spell levels left.
You didn't know any spells.

Dungeon Overview and Level Annotations

Branches:
Dungeon (2/15)

Altars:


Innate Abilities, Weirdness & Mutations

Your body is rotting away.
You thrive on raw meat.
You are immune to poison.
You have sharp fingernails.
You are carnivorous and can eat meat at any time.
Your flesh is cold resistant. (rC+)
You are immune to negative energy. (rN+++)
You regenerate slowly when monsters are visible.
You are immune to unholy pain and torment.
You can survive without breathing.


Message History

The gnoll hits you but does no damage. The gnoll hits you with a flail.
* * * LOW HITPOINT WARNING * * *
Unknown command.
Eat a chunk of flesh? (ye/n/q)
Okay, then.
Unknown command.
Eat a chunk of flesh? (ye/n/q)
You start eating the chunk of flesh.
The gnoll hits you with a halberd.
* * * LOW HITPOINT WARNING * * *
The gnoll hits you but does no damage. x2; The gnoll completely misses you.
This raw flesh tastes great!
Unknown command.
The gnoll hits you but does no damage.
The gnoll hits you from afar with a halberd.
* * * LOW HITPOINT WARNING * * *
The gnoll completely misses you. The gnoll hits you with a flail.
* * * LOW HITPOINT WARNING * * *
There is a stone staircase leading up here.
The gnoll hits you with a flail!
You die...

#...#.# #.#
##...#.###.#
..)..#..##g#####
.....#.........#
.....#....).g.[#
.....#.........########
.....#........g).......
.....#..[......g#######
.....#..........@.....#
.....#....>.....#...#.#
#................#
#.........########
#######..... #######


You could see 4 gnolls.

Vanquished Creatures
  A gnoll (D:1)
  A dart slug (D:2)
  2 giant cockroaches
  6 goblins
  3 hobgoblins
  A kobold (D:2)
  A ball python (D:1)
  2 bats (D:1)
  4 rats
21 creatures vanquished.

Vanquished Creatures (others)
  A goblin (D:2)
  2 starspawn tentacles (Abyss:3)
3 creatures vanquished.

Grand Total: 24 creatures vanquished

Notes
Turn   | Place    | Note
-------+----------+-------------------------------------------
     0 | Abyss:1  | Gargoyl the Ghoul Abyssal Knight began the quest for the Orb.
     0 | Abyss:1  | Reached XP level 1. HP: 19/19 MP: 1/1
    42 | Abyss:2  | Found a corrupted altar of Lugonu.
   106 | Abyss:3  | Noticed a tentacled starspawn
   132 | Abyss:3  | Noticed a large abomination
   146 | Abyss:3  | Noticed a chaos spawn
   146 | Abyss:3  | Noticed a fire dragon
   146 | Abyss:3  | Noticed an ogre mage
   146 | Abyss:3  | Noticed a fire bat
   146 | Abyss:3  | Noticed a chaos spawn
   147 | Abyss:3  | Noticed a fire dragon
   147 | D:1      | Escaped the Abyss
   167 | D:1      | Reached skill level 1 in Dodging
   167 | D:1      | Reached XP level 2. HP: 23/26 MP: 2/2
   610 | D:1      | Reached * piety under Lugonu
   942 | D:2      | Reached XP level 3. HP: 33/33 MP: 3/3
  1019 | D:2      | Slain by a gnoll

Skill      XL: |  1 |
---------------+----+-----
Axes           | 2 |  2.1
Armour         | 2 |  2.2
Dodging        | 1 |  1.1
Fighting       | |  3.8
Invocations    | |  2.2

Action                   || total
-------------------------++-------
Melee: Hand axe          ||    70
Invok: Depart the Abyss  ||     1
  Use: Scroll            ||     6
  Eat: Chunk             ||     8
Armor: Scale mail        ||    27
       Chain mail        ||    18
Dodge: Dodged            ||    45
